 Dungeon Crawl Stone Soup version 0.13-a0-2527-g93fcdc4 (webtiles) character file.

266 4tharraofdagon the Firebug (level 5, -1/35 HPs)
             Began as a Demonspawn Fire Elementalist on July 25, 2013.
             Slain by a centaur (8 damage)
             ... on Level 7 of the Dungeon.
             The game lasted 00:05:55 (1060 turns).

4tharraofdagon the Firebug (DsFE)                   Turns: 1060, Time: 00:05:56

HP  -1/35        AC  4     Str  9      XL: 5   Next: 18%
MP   0/9         EV 10     Int 17      God:
Gold 105         SH  0     Dex 13      Spells:  2 memorised,  4 levels left

Res.Fire  : + . .   See Invis. : .   f - +2,+0 elf short sword (venom)
Res.Cold  : . . .   Warding    : .   p - +1 orc leather armour
Life Prot.: . . .   Conserve   : .   (no shield)
Res.Poison: +       Res.Corr.  : .   (no helmet)
Res.Elec. : .       Clarity    : .   (no cloak)
Sust.Abil.: . .     Spirit.Shd : +   (no gloves)
Res.Mut.  : .       Stasis     : .   (no boots)
Res.Rott. : .       Flight     : .   (no amulet)
Saprovore : . . .                    (no ring)
                                     r - ring of poison resistance {unknown}

@: hasted, very quick, slightly resistant to hostile enchantments, unstealthy
A: conserve scrolls, fire resistance 1, magic shield
a: no special abilities


You were on level 7 of the Dungeon.
You were not hungry.

You visited 1 branch of the dungeon, and saw 7 of its levels.

You collected 85 gold pieces.

Inventory:

Hand weapons
 f - a +2,+0 elven short sword of venom (weapon)
Missiles
 h - 2 javelins (quivered)
Armour
 a - a +0 robe
 p - a +1 orcish leather armour (worn)
Comestibles
 c - 2 bread rations
 i - 2 chunks of iguana flesh
Scrolls
 e - 3 scrolls of identify {unknown}
 g - a scroll of fog {unknown}
 j - 2 scrolls of enchant weapon II {unknown}
 k - a scroll of teleportation {unknown}
 l - 3 scrolls of magic mapping {unknown}
 n - a scroll of curse jewellery {unknown}
 q - a scroll of amnesia {unknown}
Jewellery
 d - an uncursed amulet of clarity {unknown}
 r - a ring of poison resistance (left hand) {unknown}
Books
 b - a book of Flames

   Spells                             Type                      Level
   *Flame Tongue                      Conjuration/Fire             1
   Throw Flame                        Conjuration/Fire             2
   *Conjure Flame                     Conjuration/Fire             3
   Inner Flame                        Hexes/Fire                   3
   Sticky Flame                       Conjuration/Fire             4
   Fireball                           Conjuration/Fire             5


   Skills:
 - Level 1.7 Dodging
 - Level 1.7 Stealth
 + Level 2.2 Spellcasting
 * Level 3.2 Conjurations
 * Level 3.9 Fire Magic


You had 4 spell levels left.
You knew the following spells:

 Your Spells              Type           Power        Failure   Level  Hunger
a - Flame Tongue          Conj/Fire      ##...        4%          1    #......
b - Conjure Flame         Conj/Fire      ##......     14%         3    ####...


Dungeon Overview and Level Annotations

Branches:
Dungeon (7/27)
 Temple: D:4-7          Orc: D:6-11

Altars:
Trog

Annotations
D:5 Blork the orc


Innate Abilities, Weirdness & Mutations

You are very good at protecting items from fire.
Your flesh is heat resistant.
When hurt, damage is shared between your health and your magic reserves.


Message History

Drink which item? (? for menu, Esc to quit)
You feel yourself speed up.
It was a potion of speed.
The centaur hits you.
* * * LOW HITPOINT WARNING * * *
The centaur hits you.
* * * LOW HITPOINT WARNING * * *
Unknown command.
Drink which item? (? for menu, Esc to quit)
You feel better. The centaur hits you.
* * * LOW HITPOINT WARNING * * *
Unknown command.
Casting: Flame Tongue
Confirm with . or Enter, or press ? or * to list all spells.
Aiming: Flame Tongue
Press: ? - help, Shift-Dir - straight line, f - centaur
Aim: a centaur (lightly wounded)
Okay, then.
You barely miss the centaur.
The centaur is lightly wounded.
The centaur hits you!
You die...

#.##...## #
#.###.......# #
#...........##########
#####..##.#.#.[.......
#..##.#.#.########
####.####....#
#.(#.#..##.###
#...#...##.#
####@####..# #.#c#
#### ##.## #.. ....
#...^ #.... #.... ....


You could see a centaur.

Vanquished Creatures
  A water moccasin (D:7)
  An iguana (D:7)
  4 adders
  2 oozes
  3 orcs
  3 bats
  3 giant cockroaches
  3 goblins
  A hobgoblin (D:4)
  A quokka (D:5)
  A giant newt (D:1)
  4 kobolds
  2 rats
29 creatures vanquished.

Vanquished Creatures (others)
  A rat (D:7)
1 creature vanquished.

Grand Total: 30 creatures vanquished

Notes
Turn   | Place    | Note
--------------------------------------------------------------
     0 | D:1      | 4tharraofdagon, the Demonspawn Fire Elementalist, began the quest for the Orb.
     0 | D:1      | Reached XP level 1. HP: 13/13 MP: 3/3
   219 | D:2      | Gained mutation: You are very good at protecting items from fire. [demonic ancestry]
   219 | D:2      | Reached XP level 2. HP: 7/19 MP: 2/4
   439 | D:3      | Reached skill level 3 in Fire Magic
   519 | D:3      | Gained mutation: When hurt, damage is shared between your health and your magic reserves. [demonic ancestry]
   519 | D:3      | Reached XP level 3. HP: 16/24 MP: 4/6
   568 | D:3      | Found a bloodstained altar of Trog.
   605 | D:4      | Learned a level 3 spell: Conjure Flame
   680 | D:5      | Entered Level 5 of the Dungeon
   769 | D:5      | Noticed Blork the orc
   940 | D:7      | Reached XP level 4. HP: 10/30 MP: 1/7
  1046 | D:7      | Noticed a water moccasin
  1048 | D:7      | Noticed a centaur
  1055 | D:7      | Killed a water moccasin
  1055 | D:7      | Gained mutation: Your flesh is heat resistant. [demonic ancestry]
  1055 | D:7      | Reached XP level 5. HP: 7/35 MP: 0/9
  1060 | D:7      | Slain by a centaur

Action                   |  1- 3 |  4- 6 || total
-------------------------+-------+-------++-------
Melee: Unarmed           |     7 |       ||     7
       Short sword       |    14 |     2 ||    16
 Cast: Flame Tongue      |    54 |     7 ||    61
       Conjure Flame     |     2 |       ||     2
  Use: Potion            |     2 |     3 ||     5
